Map: Dusk Towers

Players

GerichRail (Rail) - Winner!

  • Race: Protoss Protoss

Namshar

  • Race: Zerg Zerg
  • League: Grandmaster

Event: DreamHack ZOWIE Open Leipzig

VOD

Have the link to the VOD?

Description

Time

  • Played on: Jan. 22, 2016, 8:36 a.m.
  • Length: 10:35

All games in this series

Show
View Real Time Build Order
Export as new Build Order

GerichRail Protoss - Winner!

Build Orders: 1 Gate Expand, Oracle Opening, Zealot Archon 

Get SALT Encoding   

  12  0:01  Probe (Chrono Boost)  
  13  0:11  Probe (Chrono Boost)  
  14  0:20  Pylon  
  14  0:22  Probe (Chrono Boost)  
  15  0:38  Probe (Chrono Boost)  
  16  0:43  Gateway  
  16  0:49  Probe (Chrono Boost)  
  17  0:52  Assimilator  
  17  0:59  Probe (Chrono Boost), Pylon  
  18  1:10  Probe (Chrono Boost)  
  19  1:20  Probe (Chrono Boost)  
  20  1:32  Nexus  
  20  1:35  Probe (Chrono Boost)  
  21  1:40  Assimilator  
  21  1:45  Probe (Chrono Boost)  
  22  1:53  Cybernetics Core  
  22  1:56  Probe (Chrono Boost)  
  23  2:01  Pylon  
  23  2:06  Probe (Chrono Boost)  
  24  2:17  Probe (Chrono Boost)  
  25  2:27  Probe (Chrono Boost)  
  25  2:29  Stalker  
  28  2:30  Warp Gate  
  28  2:35  Stargate  
  28  2:38  Probe (Chrono Boost)  
  28  2:44  Probe (Chrono Boost)  
  30  2:49  Probe (Chrono Boost)  
  31  2:54  Probe (Chrono Boost)  
  32  2:59  Probe (Chrono Boost), Adept, Pylon  
  32  3:05  Probe (Chrono Boost)  
  36  3:10  Probe (Chrono Boost)  
  37  3:14  Probe (Chrono Boost)  
  37  3:18  Oracle (Chrono Boost)  
  41  3:23  Mothership Core  
  41  3:26  Probe  
  44  3:28  Assimilator  
  44  3:32  Assimilator  
  44  3:38  Probe  
  44  3:41  Gateway x2  
  45  3:43  Probe  
  46  3:53  Probe (Chrono Boost), Oracle (Chrono Boost)  
  50  3:57  Probe (Chrono Boost)  
  50  4:02  Pylon  
  51  4:04  Probe (Chrono Boost)  
  51  4:08  Probe (Chrono Boost)  
  53  4:12  Twilight Council  
  53  4:14  Probe (Chrono Boost)  
  54  4:20  Probe (Chrono Boost)  
  55  4:25  Probe (Chrono Boost)  
  55  4:28  Pylon  
  55  4:30  Gateway  
  56  4:34  Probe (Chrono Boost), Adept  
  56  4:37  Probe (Chrono Boost)  
  60  4:39  Adept  
  62  4:46  Probe (Chrono Boost)  
  62  4:47  Nexus  
  62  4:49  Pylon  
  62  4:51  Probe (Chrono Boost)  
  64  5:03  Probe (Chrono Boost)  
  64  5:04  Probe (Chrono Boost)  
  66  5:07  Pylon  
  66  5:12  Robotics Facility  
  66  5:13  Sentry x2  
  70  5:14  Forge  
  70  5:17  Probe (Chrono Boost)  
  70  5:19  Stalker  
  73  5:24  Probe (Chrono Boost), Pylon  
  74  5:30  Charge  
  74  5:32  Probe (Chrono Boost)  
  74  5:35  Probe (Chrono Boost)  
  76  5:37  Pylon  
  76  5:41  Pylon  
  76  5:42  Probe (Chrono Boost), Protoss Ground Weapons Level 1 (Chrono Boost)  
  77  5:45  Probe (Chrono Boost)  
  78  5:53  Probe (Chrono Boost)  
  78  5:56  Probe (Chrono Boost)  
  78  6:07  Probe x2 (Chrono Boost)  
  78  6:09  Immortal (Chrono Boost)  
  80  6:12  Probe (Chrono Boost)  
  80  6:16  Pylon  
  80  6:17  Probe x2 (Chrono Boost)  
  83  6:18  Robotics Facility  
  83  6:19  Assimilator  
  83  6:20  Pylon  
  83  6:22  Probe  
  83  6:25  Forge, Assimilator  
  84  6:26  Probe  
  84  6:30  Zealot x3  
  84  6:32  Probe  
  92  6:36  Pylon  
  92  6:41  Templar Archives  
  92  6:44  Pylon  
  92  6:46  Observer (Chrono Boost)  
  93  6:57  Gateway  
  93  6:58  Gateway, Protoss Shields Level 1 (Chrono Boost)  
  93  7:00  Immortal  
  93  7:01  Gateway  
  93  7:04  Gateway  
  93  7:06  Probe  
  102  7:08  Immortal  
  102  7:18  Gateway  
  102  7:19  High Templar x2  
  102  7:20  Zealot x2  
  110  7:24  Archon  
  110  7:29  Pylon  
  110  7:31  Pylon  
  110  7:34  Immortal  
  110  7:37  Protoss Ground Weapons Level 2 (Chrono Boost)  
  108  7:47  Immortal  
  108  7:49  High Templar x2  
  116  7:51  Zealot x2  
  116  7:56  Archon  
  116  7:57  Zealot x3  
  126  8:01  Zealot  
  128  8:06  Pylon  
  128  8:08  Warp Prism  
  128  8:13  Zealot, High Templar x2  
  128  8:18  Pylon, Archon  
  136  8:22  Zealot x5  
  136  8:27  Immortal  
  150  8:29  Zealot  
  150  8:32  Oracle  
  155  8:35  Zealot  
  155  8:38  Pylon  
  157  8:42  High Templar  
  157  8:43  Zealot x3, High Templar  
  157  8:44  Observer  
  157  8:48  Zealot x2, Archon  
  168  8:52  Zealot  
  174  8:56  Gateway  
  174  9:02  Zealot  
  176  9:06  Zealot, High Templar x2  
  176  9:09  Zealot x2  
  186  9:10  Archon  
  186  9:14  Zealot  
  186  9:16  Zealot x2, Pylon  
  192  9:24  Zealot  
  182  9:32  Zealot x3  
  138  9:40  High Templar x3  
  138  9:41  Zealot, High Templar  
  122  9:47  Zealot  
  122  9:50  Archon x2  
  122  9:53  Zealot x2  
  122  9:54  Zealot  
  122  9:55  Immortal  
  130  10:00  Zealot  
  130  10:01  Zealot  
  138  10:09  Zealot, High Templar x2  
  138  10:13  Zealot x2  
  138  10:14  Zealot x3  
  152  10:15  Archon  
Show
View Real Time Build Order
Export as new Build Order

Namshar Zerg 

Build Orders: Hatch First, Lurkers 

Get SALT Encoding   

  12  0:00  Drone  
  13  0:08  Drone  
  14  0:16  Overlord  
  14  0:23  Drone, Extractor  
  15  0:35  Drone x2  
  17  0:51  Hatchery  
  17  0:55  Drone  
  17  0:58  Drone  
  18  1:11  Spawning Pool  
  17  1:29  Drone  
  18  1:34  Drone  
  18  1:35  Drone  
  18  1:36  Extractor  
  19  1:41  Drone  
  20  1:50  Overlord  
  20  2:00  Queen  
  22  2:04  Queen  
  22  2:05  Zergling x4  
  26  2:14  Drone x2  
  28  2:23  Drone  
  28  2:25  Drone  
  30  2:34  Drone  
  30  2:35  Metabolic Boost  
  33  2:39  Drone  
  32  2:46  Hatchery, Overlord  
  32  2:50  Drone  
  32  2:56  Drone  
  32  2:57  Queen  
  35  3:00  Drone  
  36  3:13  Drone  
  36  3:14  Drone x3  
  36  3:15  Overlord  
  36  3:17  Drone  
  41  3:20  Drone  
  41  3:23  Drone x2  
  44  3:27  Overlord  
  44  3:39  Extractor  
  43  3:43  Drone x2  
  43  3:44  Drone x2  
  43  3:45  Drone  
  48  3:48  Lair  
  48  3:49  Roach Warren  
  48  3:53  Drone x3  
  48  3:55  Drone  
  51  3:59  Spore Crawler  
  51  4:01  Spore Crawler  
  49  4:07  Drone  
  50  4:14  Evolution Chamber  
  50  4:16  Overlord  
  49  4:26  Spore Crawler  
  49  4:27  Drone x9  
  57  4:32  Drone  
  57  4:36  Spore Crawler  
  57  4:38  Drone x2  
  59  4:40  Drone  
  59  4:42  Spore Crawler  
  59  4:44  Drone  
  59  4:45  Drone x2  
  61  4:49  Glial Reconstitution  
  61  4:50  Zerg Missile Weapons Level 1  
  61  4:53  Drone, Overlord  
  61  4:54  Overlord  
  60  5:05  Drone x7  
  65  5:16  Extractor  
  65  5:18  Drone  
  65  5:19  Drone x2  
  67  5:21  Extractor  
  67  5:22  Extractor  
  67  5:26  Drone  
  67  5:27  Drone x2  
  68  5:28  Drone  
  68  5:30  Drone x2, Hydralisk Den  
  68  5:31  Drone  
  68  5:32  Hatchery  
  68  5:35  Overlord  
  70  5:37  Overseer  
  70  5:39  Overlord x2  
  70  5:46  Drone  
  70  5:47  Extractor  
  70  5:48  Drone x3  
  72  5:51  Roach x3  
  73  5:59  Drone x6  
  77  6:07  Drone x2  
  77  6:10  Hydralisk, Muscular Augments  
  80  6:19  Drone x2  
  80  6:20  Overlord  
  80  6:21  Hydralisk x2  
  80  6:22  Hydralisk  
  88  6:26  Hydralisk x2  
  88  6:31  Drone  
  88  6:32  Drone  
  94  6:34  Infestation Pit  
  94  6:39  Evolution Chamber  
  92  6:44  Hydralisk x3  
  96  6:52  Overlord x2  
  96  6:53  Zerg Missile Weapons Level 2  
  96  6:56  Drone x6  
  96  6:57  Drone  
  96  6:58  Drone  
  104  7:03  Overlord  
  104  7:04  Overlord  
  104  7:08  Zerg Ground Armor Level 1  
  104  7:13  Zergling x6  
  104  7:14  Zergling x2  
  108  7:16  Extractor  
  108  7:17  Drone x3  
  108  7:19  Spore Crawler, Drone, Extractor  
  108  7:20  Drone x2  
  108  7:21  Drone  
  108  7:22  Drone x2  
  114  7:28  Lurker Den  
  114  7:43  Drone  
  112  7:45  Pathogen Glands  
  112  7:46  Hive, Overlord x2  
  112  7:48  Hydralisk x2  
  112  7:49  Hydralisk x2  
  119  8:00  Overseer  
  119  8:01  Overseer  
  120  8:05  Roach  
  120  8:06  Roach x5  
  120  8:08  Drone x4  
  120  8:09  Drone x2  
  120  8:11  Spine Crawler  
  120  8:12  Ravager x3  
  138  8:13  Spine Crawler  
  138  8:15  Spine Crawler  
  135  8:27  Spine Crawler  
  135  8:29  Hydralisk x2  
  135  8:30  Hydralisk x2  
  135  8:32  Drone  
  135  8:33  Spire  
  142  8:35  Pneumatized Carapace  
  142  8:54  Lurker x8  
  150  8:59  Drone x2  
  150  9:00  Drone  
  150  9:01  Overlord x4, Spine Crawler  
  150  9:02  Overlord x2  
  152  9:03  Spine Crawler  
  152  9:04  Lurker x2  
  152  9:05  Spine Crawler  
  152  9:16  Queen  
  154  9:18  Queen  
  157  9:24  Lurker x3  
  157  9:30  Hydralisk x2, Zergling x2  
  157  9:31  Zergling x24  
  127  9:42  Hydralisk x4  
  113  9:47  Zergling x8  
  113  9:51  Hydralisk  
  102  9:54  Hydralisk  
  99  10:02  Hydralisk x5  
  104  10:07  Lurker  
  104  10:09  Lurker  
  104  10:10  Hydralisk  
  104  10:11  Hydralisk  
  110  10:19  Lurker  

Tags
 
Add a new tag
Caveats
  • Supply blocks, unpowered buildings, or Contaminate may cause inaccurate times.
  • Supply counts are checked every 10 seconds.